 Dungeon Crawl Stone Soup version 0.17-a0-2108-g65e8068 (webtiles) character file.

377 Ishikawa the Magician (level 6, -3/46 HPs)
             Began as a Mummy Wizard on Oct 19, 2015.
             Slain by a scorpion (7 damage)
             ... on level 5 of the Dungeon.
             The game lasted 00:18:13 (4023 turns).

Ishikawa the Magician (Mummy Wizard)                Turns: 4023, Time: 00:18:13

Health: -3/46      AC:  4    Str: 10    XL:     6   Next: 45%
Magic:  0/12       EV: 12    Int: 19    God:
Gold:   100        SH:  0    Dex: 11    Spells: 4 memorised, 4 levels left

rFire  x . .     SeeInvis +     q - staff of energy (curse)
rCold  + . .     Clarity  .     j - +0 robe
rNeg   + + +     SustAt   .     (no shield)
rPois  ∞         Gourm    .     b - +0 hat
rElec  .         Spirit   .     (no cloak)
rCorr  .         Warding  .     m - +1 pair of gloves
rMut   .         Stasis   .     (no boots)
MR     .....                    (no amulet)
Stlth  ++........               v - ring of see invisible
                                i - ring of wizardry

@: not resistant to hostile enchantments, unstealthy
A: no food or potions, fire vulnerability, cold resistance 1, negative energy
resistance 3, torment resistance, unbreathing
a: no special abilities


You were on level 5 of the Dungeon.
You were not hungry.

You visited 1 branch of the dungeon, and saw 5 of its levels.

You collected 280 gold pieces.
You spent 180 gold pieces at shops.

Inventory:

Hand Weapons
 f - the cursed +1 spear of Femiosh {drain, rElec rF+}
   (You found it on level 4 of the Dungeon)

   A truly terrible weapon, it drains the life of those it strikes.
   It protects you from fire.
   It insulates you from electricity.
   It has a curse placed upon it.
 o - a +0 mace
 r - a +2 dagger of speed
 s - a +0 whip of freezing
 t - a +2 dagger of pain
 u - a cursed -3 dagger
Armour
 b - a +0 hat (worn)
 j - a +0 robe (worn)
 m - a +1 pair of gloves (worn)
Magical Staves
 q - a cursed staff of energy (weapon)
Jewellery
 i - a ring of wizardry (left hand)
 k - a +5 ring of intelligence
 v - a ring of see invisible (right hand)
Wands
 a - a wand of slowing (25)
Scrolls
 d - a scroll of random uselessness {unknown}
 e - a scroll of remove curse {unknown}
 g - 2 scrolls of identify
 h - a scroll of enchant armour
 l - a scroll of amnesia
 n - a scroll of recharging {unknown}
 p - a scroll of fear {unknown}
 w - a scroll of teleportation {unknown}
Books
 c - a book of Minor Magic

   Spells                             Type                      Level
   a - Magic Dart                     Conjuration                  1
   b - Blink                          Translocation                2
   c - Call Imp                       Summoning                    2
   d - Repel Missiles                 Charms/Air                   2
   e - Slow                           Hexes                        2
   f - Conjure Flame                  Conjuration/Fire             3
   g - Mephitic Cloud                 Conjuration/Poison/Air       3


   Skills:
 + Level 2.6 Fighting
 - Level 1.5 Dodging
 - Level 1.5 Stealth
 + Level 4.1 Spellcasting
 + Level 2.4 Conjurations
 - Level 1.0 Summonings
   Level 0.7 Translocations
 + Level 1.7 Air Magic
 + Level 1.9 Poison Magic
 + Level 0.8 Evocations


You had 4 spell levels left.
You knew the following spells:

 Your Spells              Type           Power        Failure   Level  Hunger
a - Magic Dart            Conj           ##..         3%          1    N/A
b - Call Imp              Summ           #.......     6%          2    N/A
c - Mephitic Cloud        Conj/Pois/Air  ##......     7%          3    N/A
d - Conjure Flame         Conj/Fire      #.......     12%         3    N/A

Dungeon Overview and Level Annotations

Branches:
Dungeon (5/15)
 Temple: D:4-7

Altars:
Cheibriados
Qazlal

Shops:
D:5 =


Innate Abilities, Weirdness & Mutations

You do not eat or drink.
Your flesh is vulnerable to fire.
You are immune to poison.
Your flesh is cold resistant.
You are immune to negative energy.
You are immune to unholy pain and torment.
You can survive without breathing.


Message History

Confirm with . or Enter, or press ? or * to list all spells.
Aiming: Magic Dart
Press: ? - help, Shift-Dir - straight line, f/p - scorpion
Aim: a scorpion (almost dead)
The magic dart hits the scorpion.
The scorpion is almost dead.
The scorpion stings you!
* * * LOW HITPOINT WARNING * * *
Casting: Magic Dart
Confirm with . or Enter, or press ? or * to list all spells.
Aiming: Magic Dart
Press: ? - help, Shift-Dir - straight line, f/p - scorpion
Aim: a scorpion (almost dead)
The magic dart hits the scorpion.
The scorpion is almost dead.
The scorpion closely misses you.
You hit the scorpion but do no damage.
The scorpion is almost dead.
The scorpion stings you!
You die...

#.......# ##.##
...#..#..# #..#
.#...## #.##
....†# #### #.#
.##.... .....
#.# .. .....
....#####.####
## ......
.............#
######
#..#.....$..#
.....#@......#
#..#.s..#...##
......#.#.#...#
...#####>#.##...
.. ..... #...
#...# #.. #..#
..#


You could see a scorpion.

Vanquished Creatures
  4 orc wizards
  An orc priest (D:4)
  A worker ant (D:4)
  Robin (D:4)
  5 adders
  2 shadow imps
  An ooze (D:1)
  A worm (D:4)
  3 adder skeletons (D:4)
  A giant gecko (D:4)
  10 orcs
  3 giant cockroaches
  8 hobgoblins
  6 jackals
  2 quokkas
  11 bats
  4 giant newts
  15 goblins
  4 kobolds
  2 quokka skeletons (D:5)
  7 rats
92 creatures vanquished.

Vanquished Creatures (collateral kills)
  A crimson imp (D:5)
  A hound (D:5)
  An orc wizard (D:4)
  An adder (D:5)
  An ooze (D:3)
  2 worms (D:2)
  A giant gecko (D:1)
8 creatures vanquished.

Grand Total: 100 creatures vanquished

Notes
Turn   | Place    | Note
--------------------------------------------------------------
     0 | D:1      | Ishikawa the Mummy Wizard began the quest for the Orb.
     0 | D:1      | Reached XP level 1. HP: 13/13 MP: 4/4
    10 | D:1      | Reached skill level 1 in Conjurations
   178 | D:1      | Reached XP level 2. HP: 10/20 MP: 3/6
   184 | D:1      | Learned a level 2 spell: Call Imp
  1053 | D:2      | Reached skill level 1 in Summonings
  1137 | D:2      | Reached XP level 3. HP: 25/25 MP: 3/7
  1142 | D:2      | Learned a level 3 spell: Mephitic Cloud
  1169 | D:2      | Noticed Robin
  1487 | D:2      | Reached skill level 1 in Fighting
  1923 | D:2      | Found a stormy altar of Qazlal.
  2317 | D:3      | Reached skill level 1 in Poison Magic
  2473 | D:3      | Found a snail-covered altar of Cheibriados.
  2478 | D:3      | Reached XP level 4. HP: 32/32 MP: 5/9
  2849 | D:4      | Reached skill level 1 in Air Magic
  2942 | D:4      | Got a twisted spear
  2943 | D:4      | Identified the cursed +1 spear of Femiosh {drain, rElec rF+} (You found it on level 4 of the Dungeon)
  2982 | D:4      | Killed Robin
  3084 | D:4      | Reached XP level 5. HP: 28/38 MP: 4/10
  3407 | D:4      | Reached skill level 4 in Spellcasting
  3431 | D:4      | Reached XP level 6. HP: 33/46 MP: 2/12
  3545 | D:4      | Learned a level 3 spell: Conjure Flame
  3697 | D:5      | Entered Level 5 of the Dungeon
  3867 | D:5      | Found Dideul's Jewellery Shop.
  3875 | D:5      | Bought an uncursed ring of see invisible for 180 gold pieces
  4023 | D:5      | Slain by a scorpion

Vault maps used:
D:1:      dpeg_arrival_tiny_f, grunt_decor_clamped
D:2:      nicolae_qazlal_eye_of_the_storm, uniq_robin
D:3:      cheibriados_altar_wand_db
D:4:      first_bread
D:5:      serial_shops, shop

Action                   |  1- 3 |  4- 6 || total
-------------------------+-------+-------++-------
Melee: Club              |   107 |       ||   107
       Short sword       |     6 |       ||     6
       Unarmed           |     2 |       ||     2
       Mace              |     1 |    54 ||    55
       Staff             |       |    76 ||    76
 Cast: Magic Dart        |   114 |    70 ||   184
       Call Imp          |     6 |     7 ||    13
       Mephitic Cloud    |       |    13 ||    13
Evoke: Staff of energy   |       |     1 ||     1
  Use: Scroll            |       |     5 ||     5
 Stab: Sleeping          |     1 |     1 ||     2
       Confused          |       |     7 ||     7
